 Dungeon Crawl Stone Soup version 0.30.0 (webtiles) character file.

Game seed: 12219112471723711073

470280 SnakkuSnakku7 the Raging Flame (level 23, -4/202 (213) HPs)
             Began as a Purple Draconian Cinder Acolyte on May 6, 2023.
             Was a High Priest of Ignis.
             Slain by a doom hound (6 damage)
             ... led by Grunn
             ... on level 1 of the Crypt.
             The game lasted 01:17:46 (51027 turns).

SnakkuSnakku7 the Raging Flame (DrCA)              Turns: 51027, Time: 01:17:47

HP:   -4/202 (213)  AC: 24    Str: 19    XL:     23   Next: 52%
MP:   0/48          EV: 23    Int: 20    God:    Ignis [*****.]
Gold: 717           SH: 21    Dex: 26    Spells: 24/24 levels left

rFire   + + .        a - +9 eveningstar (heavy)
rCold   + . .        u - +5 kite shield {rC+}
rNeg    + . .        (body armour unavailable)
rPois   +            O - +3 hat of Pondering {ponderous, Will+ MP+10 Int+5}
rElec   .            (no cloak)
rCorr   .            e - +2 pair of gloves {Dex+3}
SInv    +            y - +2 pair of boots
Will    +++++        M - amulet of guardian spirit
Stlth   ++++         o - ring "Ciudan" {Drain rF+ AC+4 Dex+5 SInv}
HPRegen 0.53/turn    P - ring "Momasmost" {rPois rN+ Will+ Dex+3}
MPRegen 0.31/turn

%: guardian spirit
@: drained, slow
A: breathe power, AC +11, unfitting armour, cold-blooded
}: 2/15 runes: decaying, serpentine
a: Breathe Dispelling Energy, Renounce Religion, Fiery Armour, Foxfire Swarm,
Rising Flame


You were on level 1 of the Crypt.
You worshipped Ignis.
Ignis was extremely pleased with you.
You visited 8 branches of the dungeon, and saw 38 of its levels.
You also visited: Ossuary, Bailey, Gauntlet and Ice Cave.

You collected 4809 gold pieces.
You spent 4092 gold pieces at shops.

Inventory:

Hand Weapons
 a - a +9 heavy eveningstar (weapon)
Missiles
 p - 3 throwing nets (quivered)
 T - 10 javelins
 V - 10 curare-tipped darts
Armour
 e - a +2 pair of gloves of dexterity (worn)
 u - a +5 kite shield of cold resistance (worn)
 y - a +2 pair of boots (worn)
 N - the +1 pair of boots of the True Pharaoh {Str+3 Int+4 Dex-5}
   (You bought it in a shop on level 2 of the Dungeon)

   Str:       It affects your strength (+3).
   Int:       It affects your intelligence (+4).
   Dex:       It affects your dexterity (-5).
 O - the +3 hat of Pondering (worn) {ponderous, Will+ MP+10 Int+5}
   (You took it off Gastronok on level 1 of the Lair of Beasts)

   Int:       It affects your intelligence (+5).
   MP:        It affects your magic capacity (+10).
   Will:      It increases your willpower.
 X - a +0 kite shield of reflection
Jewellery
 b - the ring "Qyum" {Will+ Dex+6}
   (You took it off a deep elf annihilator on level 3 of the Elven Halls)

   [ring of dexterity]

   Dex:       It affects your dexterity (+6).
   Will:      It increases your willpower.
 c - the ring "Magazout" {rCorr Int+3 Dex+3}
   (You found it on level 4 of the Vaults)

   [ring of resist corrosion]

   Int:       It affects your intelligence (+3).
   Dex:       It affects your dexterity (+3).
   rCorr:     It protects you from acid and corrosion.
 o - the ring "Ciudan" (left hand) {Drain rF+ AC+4 Dex+5 SInv}
   (You bought it in a shop on level 4 of the Snake Pit)

   [ring of protection]

   AC:        It affects your AC (+4).
   Dex:       It affects your dexterity (+5).
   rF:        It protects you from fire.
   SInv:      It lets you see invisible.
   Drain:     It drains your maximum health when unequipped.
 w - the ring of Boucw {rElec rC+ Will- rCorr Str+2}
   (You found it on level 5 of the Lair of Beasts)

   [ring of protection from cold]

   Str:       It affects your strength (+2).
   rC:        It protects you from cold.
   rElec:     It insulates you from electricity.
   rCorr:     It protects you from acid and corrosion.
   Will:      It decreases your willpower.
 M - an amulet of guardian spirit (around neck)
 P - the ring "Momasmost" (right hand) {rPois rN+ Will+ Dex+3}
   (You found it in a Gauntlet)

   [ring of poison resistance]

   Dex:       It affects your dexterity (+3).
   rPois:     It protects you from poison.
   rN:        It protects you from negative energy.
   Will:      It increases your willpower.
Wands
 m - a wand of flame (15)
 q - a wand of iceblast (54)
 A - a wand of light (19)
 J - a wand of digging (33)
 K - a wand of charming (39)
 R - a wand of polymorph (15)
 S - a wand of mindburst (56)
Scrolls
 h - 10 scrolls of teleportation
 i - 3 scrolls of enchant armour
 k - 6 scrolls of immolation
 v - 2 scrolls of vulnerability
 C - 9 scrolls of fear
 F - 2 scrolls of summoning
 G - 6 scrolls of fog
 U - 6 scrolls of poison
 Y - a scroll of magic mapping
Potions
 d - 3 potions of ambrosia
 f - 26 potions of curing
 j - 6 potions of mutation
 l - 10 potions of brilliance
 n - 11 potions of might
 s - 7 potions of attraction
 t - 4 potions of resistance
 z - 3 potions of invisibility
 B - 4 potions of magic
 D - 12 potions of heal wounds
 E - 8 potions of haste
 H - 5 potions of cancellation
 Q - 7 potions of flight
Miscellaneous
 x - a phial of floods (inert)
 L - a tin of tremorstones (inert)
 W - a lightning rod (3/4)


   Skills:
 - Level 19.3 Fighting
 - Level 16.0 Maces & Flails
 - Level 12.7 Dodging
 - Level 5.5 Stealth
 - Level 15.4 Shields
 - Level 1.2 Spellcasting
 - Level 3.0 Fire Magic
 + Level 23.5 Invocations
 - Level 19.1 Evocations


You had 24 spell levels left.
You didn't know any spells.
Your spell library contained the following spells:

 Spells                   Type           Power      Damage    Failure   Level
 Scorch                   Fire           26%        2d6       12%         2
 Apportation              Tloc           2%         N/A       26%         1
 Beastly Appendage        Tmut           2%         N/A       26%         1
 Magic Dart               Conj           4%         1d3       26%         1
 Sandblast                Erth           2%         2d4       26%         1
 Shock                    Conj/Air       4%         1d3       26%         1
 Sting                    Tmut/Pois      4%         1d3       26%         1
 Blink                    Tloc           2%         N/A       38%         2
 Call Imp                 Summ           2%         N/A       38%         2
 Cigotuvi's Dreadful Rot  Necr/Pois/Air  2%         N/A       38%         2
 Ensorcelled Hibernation  Hex/Ice        2%         N/A       38%         2
 Lesser Beckoning         Tloc           2%         N/A       38%         2
 Momentum Strike          Conj/Tloc      2%         3d8       38%         2
 Passwall                 Tmut/Erth      0%         N/A       38%         2
 Poisonous Vapours        Pois/Air       2%         N/A       38%         2
 Searing Ray              Conj           2%         2d4       38%         2
 Static Discharge         Conj/Air       2%         2-3/arc   38%         2
 Sublimation of Blood     Necr           1%         N/A       38%         2
 Inner Flame              Hex/Fire       7%         N/A       41%         3
 Volatile Blastmotes      Fire/Tloc      14%        2d11      41%         3
 Ignite Poison            Fire/Tmut/Pois 5%         N/A       47%         3
 Mephitic Cloud           Conj/Pois/Air  1%         N/A       63%         3
 Ozocubu's Armour         Ice            1%         N/A       63%         3
 Spider Form              Tmut/Pois      1%         N/A       63%         3
 Stone Arrow              Conj/Erth      2%         3d7       63%         3
 Tukima's Dance           Hex            1%         N/A       63%         3
 Vampiric Draining        Necr           1%         2d6       63%         3
 Vhi's Electric Charge    Tloc/Air       2%         N/A       63%         3
 Airstrike                Air            0%         2d(1-17)  95%         4
 Anguish                  Hex/Necr       0%         N/A       95%         4
 Animate Dead             Necr           1%         N/A       95%         4
 Dispel Undead            Necr           1%         3d6       95%         4
 Fulminant Prism          Conj/Hex       0%         3d5       95%         4
 Ice Form                 Ice/Tmut       1%         N/A       95%         4
 Iskenderun's Mystic Bla  Conj/Tloc      1%         2d3       95%         4
 Olgreb's Toxic Radiance  Pois           1%         N/A       95%         4
 Passage of Golubria      Tloc           1%         N/A       95%         4
 Petrify                  Tmut/Erth      1%         N/A       95%         4
 Summon Lightning Spire   Summ/Air       1%         N/A       95%         4
 Alistair's Intoxication  Tmut/Pois      0%         N/A       100%        5
 Arcjolt                  Conj/Air       0%         1d10      100%        5
 Borgnjor's Vile Clutch   Necr/Erth      0%         N/A       100%        5
 Freezing Cloud           Conj/Ice/Air   0%         6-21      100%        5
 Irradiate                Conj/Tmut      0%         3d11      100%        5
 Lee's Rapid Deconstruct  Erth           0%         3d4*      100%        5
 Summon Forest            Summ/Tloc      0%         N/A       100%        5
 Summon Mana Viper        Hex/Summ       1%         N/A       100%        5
 Yara's Violent Unravell  Hex/Tmut       0%         3d3       100%        5
 Conjure Ball Lightning   Conj/Air       0%         3x3d6     100%        6
 Death Channel            Necr           0%         N/A       100%        6
 Plasma Beam              Fire/Air       3%         2x1d15    100%        6
 Statue Form              Tmut/Erth      0%         N/A       100%        6
 Summon Cactus Giant      Summ           0%         N/A       100%        6
 Dragon Form              Tmut           0%         N/A       100%        7
 Enfeeble                 Hex            0%         N/A       100%        7
 Haunt                    Necr/Summ      0%         N/A       100%        7
 Malign Gateway           Summ/Tloc      0%         N/A       100%        7
 Orb of Destruction       Conj           0%         9d5       100%        7
 Ozocubu's Refrigeration  Ice            0%         4d7       100%        7
 Disjunction              Tloc           0%         N/A       100%        8
 Lehudib's Crystal Spear  Conj/Erth      0%         10d2      100%        8
 Summon Horrible Things   Summ           0%         N/A       100%        8
 Animate Armour           Summ/Erth      Unusable   N/A       N/A         4

Dungeon Overview and Level Annotations

Branches:
Dungeon (15/15)            Temple (0/1) D:4            Lair (5/5) D:9
  Swamp (4/4) Lair:2        Snake (4/4) Lair:3        Slime (0/5) Lair:4
    Orc (2/2) D:10            Elf (3/3) Orc:2        Vaults (4/5) D:13
  Crypt (1/3) Vaults:2     Depths (0/4) D:15        Ossuary (visited)
 Bailey (visited)           IceCv (visited)         Gauntlet (visited)

Altars:
Cheibriados
Hepliaklqana
Kikubaaqudgha
Nemelex Xobeh
Okawaru
Qazlal
Ru
Sif Muna
Vehumet
Jiyva

Shops:
D:2 (:?*   Orc:2 [:!!   Elf:1 [*   Elf:2 *:   Snake:1 !   Snake:4 [=
Vaults:2 (?   Vaults:3 !

Portals:
Trove: D:12 (give 12 potions of heal wounds)

Annotations:
Elf:2 3 runed translucent doors


Innate Abilities, Weirdness & Mutations

You can breathe bolts of dispelling energy.
Your rich purple scales are hard. (AC +11)
You cannot fit into any form of body armour.
You are cold-blooded and may be slowed by cold attacks.


Message History

The doom hound completely misses you. You block the doom hound's attack.
The doom hound bites you but does no damage.
The doom hound completely misses you. The doom hound misses you.
You block the doom hound's attack.
Unknown command.
You sock the doom hound!
The doom hound is severely wounded.
The doom hound bites you!!
* * * LOW HITPOINT WARNING * * *
You block the doom hound's attack. The doom hound barely misses you.
The doom hound closely misses you.
The doom hound bites you but does no damage.
You block the doom hound's attack.
You puncture the doom hound!
Your tail-slap misses the doom hound.
The doom hound is severely wounded.
The doom hound completely misses you. You block the doom hound's attack.
The doom hound bites you but does no damage.
You block the doom hound's attack.
Unknown command.
You impale the doom hound!!
You kill the doom hound!
The doom hound misses you. You block the doom hound's attack.
The doom hound bites you!
* * * LOW HITPOINT WARNING * * *
The doom hound claws you.
* * * LOW HITPOINT WARNING * * *
You bludgeon the doom hound!!
The doom hound is moderately wounded.
The doom hound bites you!!
* * * LOW HITPOINT WARNING * * *
You block the doom hound's attack.
You feel much better. The doom hound bites you!
* * * LOW HITPOINT WARNING * * *
You block the doom hound's attack.
You completely miss the doom hound.
The doom hound is moderately wounded.
You block the doom hound's attack. x2; The doom hound bites you!
* * * LOW HITPOINT WARNING * * *
The doom hound claws you.
You die...

##..........'............'....#
#...........'............'.....
#......h....'............#####)
#...###...###.?..........# #)
#... #...# #............# #.
#++ #...# #............# #.
#...# ##..[..........###.
...#...## #.............+...
....'....###@............+...
....'......).h...........+...
....'......'............#####
...#####...'...........## ..#
#####..........# ##
############


You could see a doom hound.

Vanquished Creatures
  Boris (twice) (Vaults:2 Vaults:4)
  the Lernaean hydra (Swamp:4)
  Zenata (Crypt:1)
  A doom hound (Crypt:1)
  2 deep elf master archers (Elf:3)
  Grunn (Crypt:1)
  Mlioglotl (Swamp:2)
  4 deep elf blademasters (Elf:3)
  Gastronok (Lair:1)
  A thorn hunter (Swamp:2)
  A shadow dragon (Vaults:3)
  Kirke (Snake:4)
  Roxanne (Snake:1)
  Donald (Snake:1)
  2 fenstrider witches
  7 nagarajas (Snake:4)
  5 deep elf sorcerers (Elf:3)
  2 curse skulls (Crypt:1)
  A frost giant (Vaults:3)
  Louise (Snake:1)
  8 vault wardens
  3 deep elf elementalists (Elf:3)
  17 ironbound preservers
  2 very ugly things (IceCv)
  3 ironbound thunderhulks
  2 vampire knights (Crypt:1)
  9 eleionomae
  4 deep elf demonologists (Elf:3)
  6 bunyips
  A minotaur (Gauntlet)
  Azrael (D:15)
  8 deep elf annihilators
  8 dire elephants
  6 deep elf death magi (Elf:3)
  The ghost of Ruewk the Skirmisher, a journeyman CeHs of Okawaru (Lair:5)
  An entropy weaver (Vaults:3)
  The ghost of nonceun the Severer, a journeyman MiBe of Trog (Lair:1)
  4 jiangshi (Crypt:1)
  4 deep elf high priests (Elf:3)
  A salamander tyrant (Snake:3)
  5 great orbs of eyes
  7 yaktaur captains
  Erolcha (Orc:2)
  16 hydras
  A caustic shrike simulacrum (IceCv)
  A peacekeeper (Vaults:2)
  2 catoblepae
  25 centaur warriors
  5 ogre magi (Orc:2)
  8 anacondas
  A ghost crab (Swamp:1)
  14 dancing weapons
  6 ironbound frosthearts
  10 naga warriors
  12 alligators
  3 death knights
  4 boulder beetles
  14 death yaks
  6 two-headed ogres
  2 orc high priests
  A deep troll shaman (Lair:5)
  2 vampire magi (Crypt:1)
  3 shock serpents
  12 naga sharpshooters
  Nergalle (D:11)
  A tengu warrior (D:14)
  7 deep elf knights
  5 skeletal warriors
  A soul eater (Crypt:1)
  Amaemon (Lair:1)
  A skyshark (shapeshifter) (Elf:1)
  9 goliath frogs
  12 sea snakes
  A skyshark (Lair:2)
  13 bog bodies
  A glowing orange brain (Vaults:3)
  5 naga ritualists
  3 salamander mystics
  9 wizards
  48 deep trolls
  13 swamp dragons
  5 spriggan druids
  15 deep elf archers
  8 ironbound convokers
  An orange crystal statue (IceCv)
  9 harpies (Vaults:2)
  An orc knight (D:15)
  38 deep elf pyromancers
  6 phantasmal warriors
  8 mana vipers
  2 necromancers
  4 lindwurms
  9 orc sorcerers
  A jorogumo zombie (Crypt:1)
  18 deep elf zephyrmancers
  24 ugly things
  A manticore (D:14)
  8 salamanders
  3 cyclopes
  3 will-o-the-wisps
  A guardian serpent (shapeshifter) (Elf:2)
  35 black mambas
  An oklob plant (Lair:4)
  16 naga magi
  2 eyes of devastation (shapeshifter)
  15 elephants
  4 gargoyles
  11 vault sentinels
  A torpor snail (Lair:2)
  4 guardian serpents
  An orange demon (Lair:1)
  A smoke demon (Gauntlet)
  An unseen horror (D:12)
  4 rime drakes
  7 komodo dragons
  3 kobold demonologists
  5 cane toads
  4 freezing wraiths
  29 yaktaurs
  2 tengu conjurers
  An anaconda simulacrum (IceCv)
  A guardian mummy (D:12)
  6 trolls
  An iron troll skeleton (Crypt:1)
  5 polar bears
  3 tyrant leeches
  A wind drake (shapeshifter) (Elf:3)
  13 hornets
  23 blink frogs
  2 centaur simulacra (D:15)
  44 slime creatures
  9 wraiths
  16 spriggans
  5 air elementals
  A vampire (D:12)
  A culicivora (Vaults:3)
  3 water elementals
  2 dire elephant simulacra (IceCv)
  3 wyverns
  Eustachio (D:4)
  A steam dragon (D:9)
  A hog (Snake:4)
  57 yaks
  3 fire elementals
  39 nagas
  4 wargs
  A hydra simulacrum (IceCv)
  An acid dragon (D:10)
  6 hell hounds (D:15)
  17 swamp worms
  A water nymph zombie (Crypt:1)
  5 large abominations
  10 water moccasins
  A floating eye (shapeshifter) (D:14)
  A demonspawn skeleton (Crypt:1)
  22 orc warriors
  7 swamp drakes (Swamp:4)
  An ice beast (D:4)
  A sky beast (D:7)
  7 black bears
  A tengu (shapeshifter) (D:13)
  An alligator simulacrum (IceCv)
  21 wolves
  A boggart (Lair:5)
  A centaur (D:8)
  A phantom (D:4)
  11 ogres
  6 small abominations (D:9)
  A blink frog skeleton (Crypt:1)
  4 kobold brigands (D:11)
  Blork the orc (D:6)
  A hog skeleton (Crypt:1)
  11 bullfrogs
  3 elf zombies (Ossuary)
  5 earth elementals
  2 scorpions
  3 gnoll sergeants
  A yak zombie (Crypt:1)
  2 wights (D:7)
  3 killer bees (D:8)
  A polar bear zombie (Crypt:1)
  2 lindwurm simulacra (IceCv)
  4 howler monkeys
  3 electric eels (Snake:1)
  2 crimson imps (Gauntlet)
  3 centaur zombies
  A hound (D:4)
  15 orc priests
  2 gnoll boudas
  2 human zombies (Ossuary)
  5 jellies
  Ijyb (D:4)
  3 iguanas
  37 orc wizards
  2 sleepcaps
  A boggart simulacrum (D:15)
  2 mummies (Ossuary)
  41 gnolls
  7 adders
  An ufetubus (D:5)
  An iguana skeleton (Crypt:1)
  An adder zombie (Ossuary)
  A worm (D:3)
  2 dart slugs
  103 orcs
  4 ball pythons
  3 bats (D:2)
  5 endoplasms
  5 giant cockroaches
  13 goblins
  9 hobgoblins
  3 quokkas
  6 frilled lizards
  A goblin zombie (Ossuary)
  10 hobgoblin zombies (Ossuary)
  3 jackal zombies (Ossuary)
  12 kobolds
  11 kobold zombies (Ossuary)
  4 orc zombies (Ossuary)
  5 rats
  2 rat zombies (D:5)
1476 creatures vanquished.

Vanquished Creatures (collateral kills)
  A dire elephant (Lair:5)
  A wight (D:7)
2 creatures vanquished.

Vanquished Creatures (others)
  A naga warrior (Snake:4)
  A harpy (Vaults:2)
  2 deep elf zephyrmancers
  A deep elf pyromancer (Elf:2)
  5 humans (Snake:4)
  A water elemental (Elf:2)
  2 orcs (Elf:2)
  20 foxfires
  42 fungi
  57 plants
132 creatures vanquished.

Grand Total: 1610 creatures vanquished

Notes
Turn   | Place    | Note
-------+----------+-------------------------------------------
     0 | D:1      | SnakkuSnakku7 the Draconian Cinder Acolyte began the quest
                  | for the Orb.
     0 | D:1      | Reached XP level 1. HP: 19/19 MP: 2/2
   150 | D:1      | Reached XP level 2. HP: 26/26 MP: 3/3
   440 | D:1      | Reached XP level 3. HP: 22/33 MP: 4/4
   649 | D:2      | Found Ceazoij's Assorted Antiques.
   661 | D:2      | Bought a ruby potion for 19 gold pieces
   661 | D:2      | Bought a murky inky potion for 19 gold pieces
   767 | D:2      | Found Ydurgheum's Book Boutique.
   793 | D:2      | Reached XP level 4. HP: 41/41 MP: 5/5
   969 | D:2      | Found Hidisyfy's Magic Scroll Emporium.
   978 | D:2      | Bought a scroll of noise for 12 gold pieces
   978 | D:2      | Bought a scroll of teleportation for 36 gold pieces
   978 | D:2      | Bought a scroll of identify for 24 gold pieces
  1252 | D:2      | Noticed a +0 giant club
  1254 | D:2      | Found Ohisuol's Weapon Boutique.
  1256 | D:2      | Noticed a +0 demon blade
  1505 | D:3      | Found a shimmering blue altar of Sif Muna.
  1519 | D:3      | Reached skill level 5 in Fighting
  1648 | D:3      | Reached XP level 5. HP: 47/48 MP: 6/6
  2041 | D:4      | Noticed a black bear
  2052 | D:4      | Killed a black bear
  2053 | D:4      | Reached skill level 5 in Maces & Flails
  2053 | D:4      | Reached XP level 6. HP: 35/57 MP: 7/7
  2317 | D:4      | Found a staircase to the Ecumenical Temple.
  2327 | D:4      | Found an iron altar of Okawaru.
  2517 | D:4      | Your scales start taking on a rich purple colour.
  2517 | D:4      | Reached XP level 7. HP: 64/64 MP: 8/8
  2761 | D:4      | Noticed Ijyb
  2761 | D:4      | Noticed Eustachio
  2792 | D:4      | Killed Ijyb
  3195 | D:4      | Killed Eustachio
  3365 | D:5      | Entered Level 5 of the Dungeon
  3365 | D:5      | Found a sparkling altar of Nemelex Xobeh.
  3503 | D:5      | Found an ancient bone altar of Kikubaaqudgha.
  3573 | D:5      | Reached XP level 8. HP: 57/73 MP: 9/9
  3714 | D:2      | Bought a +1 dire flail of protection for 118 gold pieces
  4169 | D:5      | Found a snail-covered altar of Cheibriados.
  4579 | D:6      | Noticed Blork the orc
  4594 | D:6      | Killed Blork the orc
  4601 | D:6      | Reached XP level 9. HP: 82/96 MP: 10/10
  4938 | D:7      | Reached skill level 10 in Maces & Flails
  4972 | D:7      | Found a sand-covered staircase.
  4980 | Ossuary  | Entered an ossuary
  5459 | D:7      | Found a flagged portal.
  5479 | Bailey   | Entered a bailey
  5666 | Bailey   | Reached XP level 10. HP: 78/97 MP: 11/11
  7044 | D:9      | Noticed a death yak
  7044 | D:9      | Noticed a death yak
  7044 | D:9      | Noticed a death yak
  7045 | D:9      | Noticed a death yak
  7045 | D:9      | Noticed a death yak
  7046 | D:9      | Noticed a death yak
  7645 | D:9      | Noticed a wizard
  7655 | D:9      | Killed a wizard
  7666 | D:9      | Noticed a large abomination
  7666 | D:9      | Noticed a large abomination
  7666 | D:9      | Noticed a large abomination
  8323 | D:9      | Found a staircase to the Lair.
  8424 | D:9      | Killed a death yak
  8425 | D:9      | Reached XP level 11. HP: 73/111 MP: 12/12
  8540 | D:9      | Noticed a death yak
  8568 | D:9      | Killed a death yak
  8579 | D:9      | Killed a death yak
  8799 | D:9      | Killed a death yak
  8803 | D:9      | Noticed a death yak
  8806 | D:9      | Killed a death yak
  8807 | D:9      | Reached skill level 1 in Shields
  8809 | D:9      | Noticed a two-headed ogre
  8819 | Lair:1   | Entered Level 1 of the Lair of Beasts
  9031 | D:9      | Killed a large abomination
  9223 | D:9      | Killed a two-headed ogre
  9516 | D:9      | Reached skill level 5 in Shields
  9949 | D:2      | Bought a tiny lapis lazuli amulet for 110 gold pieces
  9949 | D:2      | Bought a pair of heavily runed boots for 209 gold pieces
  9949 | D:2      | Identified the +1 pair of boots of the True Pharaoh {Str+3
                  | Int+4 Dex-5} (You bought it in a shop on level 2 of the
                  | Dungeon)
 10154 | Lair:1   | Noticed Gastronok
 10202 | Lair:1   | Killed Gastronok
 10298 | Lair:1   | Found a large runed translucent door.
 10298 | Lair:1   | Found a large runed translucent door.
 10299 | Lair:1   | Noticed nonceun's ghost (journeyman MiBe)
 10759 | Lair:1   | Reached XP level 12. HP: 124/124 MP: 13/13
 10788 | Lair:1   | Reached skill level 1 in Dodging
 10945 | Lair:1   | Noticed Amaemon
 10964 | Lair:1   | Killed Amaemon
 10965 | Lair:1   | Reached XP level 13. HP: 85/130 MP: 14/14
 11535 | Lair:2   | Found a staircase to the Swamp.
 11579 | Lair:2   | Reached skill level 5 in Dodging
 12812 | Lair:3   | Found a staircase to the Snake Pit.
 12842 | Lair:3   | Found a shimmering blue altar of Sif Muna.
 14158 | Lair:4   | Reached skill level 10 in Dodging
 14246 | Lair:4   | Reached skill level 1 in Evocations
 14309 | Lair:4   | Found a gate leading to a gauntlet.
 14318 | Gauntlet | Entered a Gauntlet
 14318 | Gauntlet | Found a transporter.
 14318 | Gauntlet | Found a transporter.
 14318 | Gauntlet | Found a transporter.
 14339 | Gauntlet | Found a transporter.
 14351 | Gauntlet | Found a transporter.
 14352 | Gauntlet | Found a transporter.
 14367 | Gauntlet | Found a transporter.
 14386 | Gauntlet | Found a transporter.
 14400 | Gauntlet | Found a transporter.
 14403 | Gauntlet | Found a transporter.
 14411 | Gauntlet | Found a transporter.
 14414 | Gauntlet | Found a transporter.
 14618 | Gauntlet | Identified the ring "Momasmost" {rPois rN+ Will+ Dex+3}
 14628 | Gauntlet | Reached skill level 5 in Evocations
 14791 | Gauntlet | Identified the +2 ring mail of the Farmer {rN+ Str+6 Dex-5}
 14791 | Gauntlet | Noticed a minotaur
 14800 | Gauntlet | Killed a minotaur
 14801 | Gauntlet | Reached XP level 14. HP: 138/138 MP: 15/15
 14815 | Gauntlet | Identified the +0 hand axe of the Crawling Thing {freeze,
                  | rC+}
 14815 | Gauntlet | Identified the +1 scale mail of Nacoelomp {Harm rN+ Dex+4}
 15332 | Lair:4   | Found a viscous altar of Jiyva.
 15332 | Lair:4   | Found a staircase to the Slime Pits.
 15801 | Lair:5   | Entered Level 5 of the Lair of Beasts
 16171 | Lair:5   | Reached skill level 15 in Maces & Flails
 16200 | Lair:5   | Found a runed translucent door.
 16202 | Lair:5   | Noticed Ruewk's ghost (journeyman CeHs)
 16202 | Lair:5   | Identified the +3 spear "Veosm" {drain, rPois rF+++ Str+4
                  | Int-2}
 17188 | Lair:5   | Reached XP level 15. HP: 147/147 MP: 16/16
 17424 | Lair:5   | Killed Ruewk's ghost
 17431 | Lair:5   | Identified the ring of Boucw {rElec rC+ Will- rCorr Str+2}
 17686 | Lair:1   | Killed nonceun's ghost
 17848 | D:2      | Bought a scroll of enchant weapon for 90 gold pieces
 17848 | D:2      | Bought a scroll of enchant weapon for 90 gold pieces
 17975 | D:10     | Entered Level 10 of the Dungeon
 18102 | D:10     | Found a staircase to the Orcish Mines.
 18208 | D:10     | Found a stormy altar of Qazlal.
 18674 | D:11     | Identified the +3 falchion "Egg" {heavy, rF+}
 18775 | D:11     | Noticed Nergalle
 18783 | D:11     | Killed Nergalle
 19115 | D:12     | Reached skill level 10 in Evocations
 19653 | D:12     | Found a portal to a secret trove of treasure.
 19741 | D:12     | Reached skill level 5 in Stealth
 19741 | D:12     | Reached XP level 16. HP: 148/156 MP: 17/17
 19840 | D:12     | Found a hazy altar of Hepliaklqana.
 19976 | Orc:1    | Entered Level 1 of the Orcish Mines
 20226 | Orc:2    | Entered Level 2 of the Orcish Mines
 20353 | Orc:2    | Reached XP level 17. HP: 135/162 MP: 18/18
 20639 | Orc:2    | Found a staircase to the Elven Halls.
 21087 | Orc:2    | Found Xututt's Distillery.
 21113 | Orc:2    | Bought a potion of heal wounds for 70 gold pieces
 21113 | Orc:2    | Bought a potion of curing for 42 gold pieces
 21113 | Orc:2    | Bought a potion of heal wounds for 70 gold pieces
 21113 | Orc:2    | Bought a potion of might for 56 gold pieces
 21126 | Orc:2    | Found an ancient bone altar of Kikubaaqudgha.
 21199 | Orc:2    | Noticed Erolcha
 21210 | Orc:2    | Killed Erolcha
 21211 | Orc:2    | Found a radiant altar of Vehumet.
 21456 | Orc:2    | Found Wuxetump's Distillery.
 21464 | Orc:2    | Bought a potion of heal wounds for 75 gold pieces
 21464 | Orc:2    | Bought a potion of heal wounds for 75 gold pieces
 21464 | Orc:2    | Bought a potion of heal wounds for 75 gold pieces
 21464 | Orc:2    | Bought a potion of haste for 150 gold pieces
 21493 | Orc:2    | Found Pexzodeybu's Book Shop.
 21511 | Orc:2    | Found Raorohith's Antique Armour Shop.
 21581 | Orc:2    | Bought a potion of curing for 45 gold pieces
 21581 | Orc:2    | Bought a potion of curing for 45 gold pieces
 21601 | Orc:2    | Bought a potion of cancellation for 112 gold pieces
 22290 | D:13     | Found a gate to the Vaults.
 22504 | D:13     | Identified the +12 short sword of Wuniwniu {holy, Str+6
                  | Dex+3 Stlth-}
 24015 | D:14     | Reached XP level 18. HP: 169/173 MP: 19/19
 24016 | D:14     | Reached XP level 19. HP: 179/183 MP: 20/20
 24470 | D:14     | Reached skill level 1 in Invocations
 24737 | D:15     | Entered Level 15 of the Dungeon
 24781 | D:15     | Reached skill level 2 in Invocations
 25041 | D:15     | Reached skill level 3 in Invocations
 25090 | D:15     | Noticed Azrael
 25107 | D:15     | Killed Azrael
 25388 | D:15     | Reached skill level 4 in Invocations
 25430 | D:15     | Found a sacrificial altar of Ru.
 25516 | D:15     | Reached skill level 5 in Invocations
 25781 | D:15     | Found a staircase to the Depths.
 25958 | D:10     | Reached skill level 6 in Invocations
 26141 | Swamp:1  | Entered Level 1 of the Swamp
 26171 | Lair:2   | Reached skill level 7 in Invocations
 26819 | Swamp:1  | Reached skill level 8 in Invocations
 27212 | Swamp:1  | Reached skill level 9 in Invocations
 27950 | Swamp:2  | Reached skill level 10 in Invocations
 28083 | Swamp:2  | Noticed Mlioglotl
 28095 | Swamp:2  | Killed Mlioglotl
 29138 | Swamp:3  | Reached skill level 11 in Invocations
 29462 | Swamp:2  | Reached XP level 20. HP: 146/191 MP: 18/28
 29721 | Swamp:3  | Reached skill level 12 in Invocations
 30777 | Swamp:3  | Reached skill level 13 in Invocations
 30943 | Swamp:4  | Entered Level 4 of the Swamp
 31387 | Swamp:3  | HP: 9/191 [six-headed hydra[a spriggan druid] (1)]
 31779 | Swamp:3  | Reached skill level 14 in Invocations
 32564 | Swamp:4  | Noticed the 27-headed Lernaean hydra
 32988 | Swamp:4  | Killed the 27-headed Lernaean hydra
 32989 | Swamp:4  | Reached skill level 15 in Invocations
 33019 | Swamp:4  | Got a decaying rune of Zot
 33589 | Snake:1  | Entered Level 1 of the Snake Pit
 33774 | Snake:1  | Noticed Donald
 33833 | Snake:1  | Reached skill level 16 in Invocations
 34478 | Snake:1  | Found Esikk's Distillery.
 34485 | Snake:1  | Bought a potion of heal wounds for 60 gold pieces
 34485 | Snake:1  | Bought 2 potions of curing for 72 gold pieces
 34493 | Snake:1  | Identified Roxanne's Incunable of Forms
 34493 | Snake:1  | Noticed Roxanne
 34588 | Snake:1  | Killed Donald
 34923 | Snake:1  | Reached skill level 17 in Invocations
 34948 | Snake:1  | Noticed Louise
 34978 | Snake:1  | Killed Louise
 35518 | Snake:1  | Killed Roxanne
 35696 | Snake:2  | Found a frozen archway.
 35899 | IceCv    | Entered an ice cave
 35916 | IceCv    | Found a transporter.
 35932 | IceCv    | Found a transporter.
 36211 | IceCv    | Got Aneimnikh's Papyrus of Liminal Permutations
 36527 | Snake:3  | Reached skill level 10 in Shields
 36807 | Snake:3  | Found the +5 glaive of the Guard {elec, spectral, AC+5}
 37254 | Snake:3  | Reached XP level 21. HP: 163/198 MP: 33/33
 37690 | Snake:4  | Entered Level 4 of the Snake Pit
 37744 | Snake:4  | Noticed Kirke
 37753 | Snake:4  | Killed Kirke
 37792 | Snake:4  | Found Miuh's Antique Armour Emporium.
 37799 | Snake:4  | Found Qofu Lix's Jewellery Shoppe.
 37806 | Snake:4  | Bought the ring "Ciudan" {Drain rF+ AC+4 Dex+5 SInv} for
                  | 1182 gold pieces
 39093 | Snake:4  | Got a serpentine rune of Zot
 39423 | Elf:1    | Entered Level 1 of the Elven Halls
 39814 | Elf:1    | Got the Guide on Arcane Weapons
 39893 | Elf:1    | Paralysed by an air elemental for 1 turns
 39897 | Elf:1    | Paralysed by an air elemental for 1 turns
 39949 | Elf:1    | Found Vunwokamny's Assorted Antiques.
 39956 | Elf:1    | Bought a scroll of fear for 168 gold pieces
 40067 | Elf:1    | Paralysed by an air elemental for 1 turns
 40070 | Elf:1    | Paralysed by an air elemental for 1 turns
 40545 | Elf:1    | Found Ehueskaff's Armour Emporium.
 40873 | Elf:1    | Reached skill level 15 in Shields
 40984 | Elf:2    | Found Enomeaq's Tremendous Tomes.
 41205 | Elf:2    | Found Xar Cesm's General Store.
 41211 | Elf:2    | Bought a scroll of fear for 60 gold pieces
 41253 | Elf:2    | Found a runed translucent gate.
 41253 | Elf:2    | Found a runed translucent gate.
 41254 | Elf:2    | Found a runed translucent gate.
 41522 | Elf:3    | Entered Level 3 of the Elven Halls
 41925 | Elf:3    | Paralysed by an air elemental for 1 turns
 41930 | Elf:3    | Paralysed by an air elemental for 1 turns
 41969 | Elf:3    | Reached skill level 18 in Invocations
 42720 | Elf:3    | Paralysed by an air elemental for 1 turns
 43009 | Elf:3    | Reached XP level 22. HP: 175/206 MP: 35/35
 43060 | Elf:3    | Identified the +9 quarterstaff of the Vase {drain, Will+}
 43068 | Elf:3    | Reached skill level 19 in Invocations
 43087 | Elf:3    | Identified the ring of Omoad {*Corrode rElec rN+ Dex+7}
 43167 | Elf:3    | Identified the +6 quarterstaff of Currency {flame, rN+
                  | Str+5 Dex+2}
 43192 | Elf:3    | Identified the +3 double sword of the Ethereal God {freeze,
                  | Str+4}
 43192 | Elf:3    | Identified the +6 falchion "Spiderslayer" {antimagic,
                  | rCorr}
 43192 | Elf:3    | Identified the ring "Qyum" {Will+ Dex+6}
 43656 | Elf:3    | Identified the +8 battleaxe of Ticwaitt {antimagic, rF+
                  | Dex+3}
 43690 | Elf:3    | HP: 9/309 [deep elf master archer/arrow (29)]
 44058 | Elf:3    | Got the Tome of Somewhere Else
 44067 | Elf:3    | Identified the +0 ring mail of Iggais {rPois rC+}
 44074 | Elf:3    | Identified the staff of poison "Durutt" {rPois Dex+6}
 44124 | Elf:3    | Identified the staff of cold "Ticima" {rC+ Dex+5 Stlth+}
 44127 | Elf:3    | Got the Directory of Electricity and Transportation
 44442 | Vaults:1 | Entered Level 1 of the Vaults
 44718 | Vaults:1 | Reached skill level 20 in Invocations
 45583 | Vaults:1 | Reached skill level 21 in Invocations
 46051 | Vaults:2 | Found Zychytos's Magic Scroll Shop.
 46054 | Vaults:2 | Bought a scroll of acquirement for 832 gold pieces
 46054 | Vaults:2 | Bought a scroll of fog for 64 gold pieces
 46054 | Vaults:2 | Acquired a manual of Evocations
 46349 | Vaults:2 | Found Fanur's Weapon Emporium.
 46592 | Vaults:2 | Found a staircase to the Crypt.
 46728 | Vaults:2 | Reached skill level 15 in Evocations
 46866 | Vaults:2 | Noticed Boris
 46882 | Vaults:2 | Killed Boris
 47873 | Vaults:3 | Found Izekav's Distillery.
 47880 | Vaults:3 | Bought a potion of curing for 48 gold pieces
 47880 | Vaults:3 | Bought a potion of might for 64 gold pieces
 48264 | Vaults:3 | Reached XP level 23. HP: 210/211 MP: 37/37
 48994 | Vaults:4 | Reached skill level 22 in Invocations
 49089 | Vaults:4 | Noticed Boris
 49094 | Vaults:4 | Killed Boris
 49868 | Vaults:4 | Identified the ring "Magazout" {rCorr Int+3 Dex+3}
 50158 | Crypt:1  | Entered Level 1 of the Crypt
 50208 | Crypt:1  | Reached skill level 23 in Invocations
 50373 | Crypt:1  | Noticed Zenata
 50745 | Crypt:1  | Found an ancient bone altar of Kikubaaqudgha.
 50937 | Crypt:1  | Killed Zenata
 50985 | Crypt:1  | Noticed Grunn
 51018 | Crypt:1  | Killed Grunn
 51025 | Crypt:1  | HP: 5/202 [doom hound[Grunn] (15)]
 51027 | Crypt:1  | HP: 2/202 [doom hound[Grunn] (16)]
 51027 | Crypt:1  | Slain by a doom hound

Illustrated notes

Levels and vault maps discovered:
D:1:      amcnicky_arrival_gap_in_the_tavern_cellar, layout_basic
D:2:      layout_loops_ring, serial_shops, shop, nicolae_shop_statue_plus, shop,
          nicolae_shop_mannequins, kennysheep_pointless_box
D:3:      layout_loops_cross, nicolae_sif_muna_condensation
D:4:      layout_cave_pods, okawaru_metal_pillars_1_2,
          minmay_temple_entry_junction, uniq_ijyb, uniq_eustachio
D:5:      layout_basic, marbit_many_paths, nemelex_xobeh_ov_fountains_minmay,
          lemuel_zombie_altar_kikubaaqudgha
D:6:      layout_rooms, lightli_corner_chamber, uniq_blork_the_orc
D:7:      layout_basic, lightli_ossuary_entry_decrepit_ruins, enter_bailey_3,
          nicolae_grassy_gnolls
D:8:      layout_loops_cross
D:9:      layout_long_grid, dpeg_lair_monsters, laboratory
D:10:     layout_roguey [special_room_orc], lemuel_doored_altar, david_orc_3
D:11:     layout_long_grid, uniq_nergalle
D:12:     layout_gridville, nicolae_trove_entry_path_of_doom,
          worldfamousw_hep_ancestral_shrine
D:13:     layout_loops_ring, skrybe_vaults_entry_preservation
D:14:     layout_cave_pods, chequers_avenue
D:15:     grunt_enter_depths_magical_seal, layout_long_grid,
          dreamdust_mushroom_princess, nicolae_ru_sacrificial_ziggurat,
          uniq_azrael
Lair:1:   layout_long_grid, ebering_ghost_disaster_area,
          hangedman_lair_unloving_vines, uniq_amaemon, uniq_gastronok
Lair:2:   layout_chaotic_city, skrybe_swamp_entry_bodies,
          grunt_forest_small_clearings, forest_entry_grove
Lair:3:   layout_regular_city, dummy_snake_entry, basic_altar,
          grunt_megastairs_2
Lair:4:   layout_layer_cave, slime_entry_1, gauntlet_entry_generic,
          grunt_megastairs_3, lemuel_fruit_fields
Lair:5:   grunt_lair_end_beastmaster, layout_loops_ring,
          ebering_ghost_funeral_grove, chequers_serial_rivers_micro_a
Swamp:1:  layout_falls_marsh, evilmike_swamp_ruin_house_5, swamp_pool1,
          hangedman_swamp_grove
Swamp:2:  layout_basic_swamp, hangedman_swamp_cone, uniq_mlioglotl
Swamp:3:  layout_basic_swamp, evilmike_swamp_ruin_house_3
Swamp:4:  grunt_swamp_rune_castle, layout_basic_swamp, swamp_pool1
Snake:1:  layout_concentric_octagons, serial_shops,
          nicolae_shop_advertising_works [nicolae_subvault_shop_adworks],
          serial_bayou_shore_a, grunt_megastairs_4, uniq_louise, uniq_roxanne,
          uniq_donald
Snake:2:  layout_rooms, portal_ice_cave_entry_pillars_2
Snake:3:  layout_grid_maze, special_room
Snake:4:  grunt_snake_rune_pools, layout_onion, minmay_shoptagon, uniq_kirke
Orc:1:    layout_caves, mines1_david
Orc:2:    kennysheep_orc_mage_school, layout_diamond_mine, small_statue_alley_c
Elf:1:    layout_geoelf_octagon, serial_shops, nicolae_shop_statue_plus,
          nicolae_shop_pleasant_corner_grove, minmay_elf_annihilation,
          chequers_hall_statues_y, hex_intersection
Elf:2:    elven_hall_of_blades_hangedman_original
          [nicolae_blade_entry_area_security], layout_rooms, serial_shops,
          nicolae_shop_pleasant_corner_grove, nicolae_shop_i_like_big_books,
          grunt_ministairs_12
Elf:3:    minmay_elf_hall_furrowed, layout_loops_cross
Vaults:1: v_misc_33, nicolae_vaults_variable_pillar_hall_cross, st_diamondy,
          nicolae_vaults_more_shelving_1, nicolae_vaults_ellipses_ellipsis,
          nicolae_vaults_network_quincunx
          [nicolae_vaults_network_quincunx_subvault,
          nicolae_vaults_network_quincunx_subvault,
          nicolae_vaults_network_quincunx_subvault,
          nicolae_vaults_network_quincunx_subvault,
          nicolae_vaults_network_quincunx_subvault], nicolae_vaults_octothorpe,
          nicolae_vaults_variable_pillar_hall, nicolae_vaults_two_Ls,
          vaults_room_corners, nicolae_vaults_network_square,
          nicolae_vaults_diagonal_hallway_8, nicolae_vaults_tetromino_T_1,
          nicolae_vaults_trapezoid_lopsided_1, nicolae_vaults_house_3,
          nicolae_vaults_tetromino_Z_1, layout_vaults_omnibox
Vaults:2: nicolae_vaults_network_barrier, nicolae_vaults_little_squares_1,
          vaults_room_large_hall, vaults_room_octagon, blue_anna_dwarven_crypt,
          nicolae_vaults_trapezoid_lopsided_4, v_alt_pattern_2, v_misc_1,
          grunt_vaults_hallway_short, nicolae_vaults_closet_pinwheel_4,
          nicolae_vaults_trapezoid_1, nicolae_vaults_hexular_roomagon,
          layout_vaults_quadrants, serial_shops, shop, nicolae_shop_rolled_up,
          uniq_boris
Vaults:3: nicolae_vaults_closet_pinwheel_2, nicolae_vaults_variable_pillar_hall,
          vaults_room_fancy_cross, vaults_room_semicircle,
          nicolae_vaults_meiosis, grunt_vaults_bifocal, grunt_vaults_trifunnel,
          nicolae_vaults_tetromino_Z_2, nicolae_vaults_little_squares_5,
          vaults_room_ringed_pool, ontoclasm_vaults_claustrophobia,
          nicolae_vaults_trapezoid_lopsided_3, nicolae_vaults_murder_corner,
          nicolae_vaults_apartment_1, layout_vaults_maze_snakey, serial_shops,
          nicolae_shop_crystal
Vaults:4: nicolae_vaults_sesquioval_fish, v_rooms_4, vaults_room_stairs_pillars,
          ontoclasm_vaults_gateway, vaults_room_large_hall,
          nicolae_vaults_prndl, nicolae_vaults_bisected_slash,
          nicolae_vaults_alarming, nicolae_vaults_rhombus_6,
          nicolae_vaults_asterisk, nicolae_vaults_apartment_1,
          vaults_room_door_ring, layout_vaults_chaotic_city
Crypt:1:  layout_gridlike, basic_altar, grunt_crypt_arrival_webbed, uniq_zenata,
          uniq_grunn

Skill      XL: |  1  2  3  4  5  6  7  8  9 10 11 12 13 14 15 16 17 18 19 20 21 22 23 |
---------------+----------------------------------------------------------------------+-----
Fighting       | 4 5 6 7 14 16 17 18 19 | 19.3
Maces & Flails | 4 5 6 8 9 10 13 14 16 | 16.0
Shields        | 7 10 15 | 15.4
Dodging        | 3 10 12 | 12.7
Evocations     | 5 7 10 11 12 19 | 19.1
Stealth        | 5 |  5.5
Invocations    | 11 17 18 21 23 | 23.5
Spellcasting   | |  1.2
Fire Magic     | |  3.0

Action                     |  1- 3 |  4- 6 |  7- 9 | 10-12 | 13-15 | 16-18 | 19-21 | 22-24 || total
---------------------------+-------+-------+-------+-------+-------+-------+-------+-------++-------
  Melee: Mace              |   104 |   158 |    97 |       |       |       |       |       ||   359
         Tailslap          |     5 |    21 |    50 |    87 |   189 |    87 |   394 |   254 ||  1087
         Punch             |     1 |     3 |     2 |       |       |       |       |       ||     6
         Unarmed           |       |       |    24 |       |       |       |       |       ||    24
         Dire flail        |       |       |   261 |   376 |       |       |       |       ||   637
         Morningstar       |       |       |       |    38 |   975 |   452 |  1086 |       ||  2551
         Eveningstar       |       |       |       |       |       |       |   796 |  1043 ||  1839
Ability: Breathe Dispellin |       |       |     1 |     1 |       |       |       |       ||     2
  Evoke: Wand              |       |       |     1 |     3 |       |       |    10 |     5 ||    19
         Lightning rod     |       |       |       |       |     2 |       |    10 |     2 ||    14
         Tin of tremorston |       |       |       |       |       |       |     6 |     5 ||    11
         Phial of floods   |       |       |       |       |       |       |       |     1 ||     1
    Use: Scroll            |     2 |     2 |    10 |     4 |    16 |     1 |    15 |     8 ||    58
         Potion            |       |       |     5 |     4 |     9 |     2 |     6 |     4 ||    30
   Stab: Sleeping          |       |       |     7 |     1 |     1 |     2 |    19 |    13 ||    43
         Distracted        |       |       |       |       |       |     1 |     7 |     2 ||    10
         Invisible         |       |       |       |       |       |       |     9 |       ||     9
 Armour: Skin              |    32 |    48 |   242 |   133 |   356 |   169 |   612 |   455 ||  2047
  Dodge: Dodged            |    58 |    85 |   189 |   198 |   574 |   204 |  1381 |  1096 ||  3785
  Block: Other             |    17 |    32 |   110 |    72 |       |       |       |       ||   231
         Reflection        |     1 |       |       |       |       |       |     1 |       ||     2
         Buckler           |       |       |       |    12 |   217 |    77 |   297 |       ||   603
         Kite shield       |       |       |       |       |       |       |   854 |  1662 ||  2516
         Tower shield      |       |       |       |       |       |       |   129 |       ||   129
